 Dungeon Crawl Stone Soup version 0.21.0 (webtiles) character file.

7742 LakieLegion the Slicer (level 11, -11/84 HPs)
             Began as a Demonspawn Wanderer on June 10, 2018.
             Was a Priest of Dithmenos.
             Mangled by Gastronok (16 damage)
             ... on level 1 of the Lair of Beasts.
             The game lasted 01:07:53 (8746 turns).

LakieLegion the Slicer (Demonspawn Wanderer)        Turns: 8746, Time: 01:07:53

Health: -11/84     AC:  9    Str: 16    XL:     11   Next: 0%
Magic:  12/12      EV:  2    Int: 15    God:    Dithmenos [***...]
Gold:   456        SH:  0    Dex: 14    Spells: 10/10 levels left

rFire    . . .     SeeInvis .   e - +4 short sword (drain)
rCold    . . .     Gourm    .   (no shield)
rNeg     + + +     Faith    .   d - +0 ring mail
rPois    ∞         Spirit   .   (no helmet)
rElec    .         Reflect  .   h - +0 cloak {+Inv}
rCorr    .         Harm     .   (no gloves)
MR       .....                  z - +0 pair of boots
Stlth    ++++++....             s - amulet of rage
HPRegen  0.24/turn              x - +3 ring of strength
MPRegen  0.13/turn              n - ring of positive energy

@: petrified, wreathed by umbra
A: claws 1, large bone plates 2, nightstalker 2, powered by death 1
a: Shadow Step, Renounce Religion, Evoke Berserk Rage, Evoke Invisibility


You were on level 1 of the Lair of Beasts.
You worshipped Dithmenos.
Dithmenos was most pleased with you.
You were not hungry.

You visited 3 branches of the dungeon, and saw 12 of its levels.

You collected 577 gold pieces.
You spent 121 gold pieces at shops.

Inventory:

Hand Weapons
 a - a +2 hand crossbow
 c - a +0 hand axe
 e - a +4 short sword of draining (weapon)
 g - a +2 short sword of protection
 C - a +0 short sword
Missiles
 b - 68 bolts
Armour
 d - a +0 ring mail (worn)
 h - a +0 cloak of invisibility (worn)
 j - a +0 scale mail
 z - a +0 pair of boots (worn)
Magical Staves
 m - an uncursed staff of earth
Jewellery
 n - a ring of positive energy (right claw)
 s - an amulet of rage (around neck)
 v - an uncursed ring of wizardry
 x - a +3 ring of strength (left claw)
Wands
 p - a wand of enslavement (9)
 q - a wand of polymorph (10)
 B - a wand of digging (16)
Scrolls
 k - 4 scrolls of amnesia
 l - 7 scrolls of teleportation
 r - 3 scrolls of immolation
 t - a scroll of remove curse
 w - a scroll of fog
 D - a scroll of identify
Potions
 i - a potion of agility
 A - a potion of ambrosia
 E - 2 potions of cancellation
Comestibles
 f - 8 rations


   Skills:
 + Level 7.3 Fighting
 + Level 9.6 Short Blades
 + Level 1.9 Crossbows
 + Level 7.2 Armour
 + Level 4.6 Dodging
 + Level 6.7 Stealth
   Level 1.0 Shields
 + Level 1.0 Unarmed Combat
 + Level 1.4 Invocations
 + Level 1.4 Evocations


You had 10 spell levels left.
You didn't know any spells.

Dungeon Overview and Level Annotations

Branches:
Dungeon (10/15)            Temple (1/1) D:7            Lair (1/6) D:10
    Orc (0/2) D:10

Altars:
Ashenzari
Cheibriados
Dithmenos
Elyvilon
Fedhas
Hepliaklqana
Kikubaaqudgha
Makhleb
Nemelex Xobeh
Okawaru
Qazlal
Ru
Uskayaw
Wu Jian
Xom
Yredelemnul
Zin
The Shining One

Shops:
D:6 !

Portals:
Abyss: D:1***

Annotations:
D:6 Woots's ghost, novice TeAE
Lair:1 Gastronok


Innate Abilities, Weirdness & Mutations

You have sharp fingernails.
You are mostly covered in large bone plates. (SH +6)
You are significantly more attuned to the shadows.
You regenerate a little health from kills.


Message History

You are slowing down.
You feel better.
The basilisk bites you but does no damage.
Gastronok waves his eye-stalks in wide circles.
The air twists around and strikes you!
* * * LOW HITPOINT WARNING * * *
Your limbs are stiffening.
As you read the scroll of fear, it crumbles to dust.
You assume a fearsome visage.
The rat looks frightened!
The basilisk looks frightened!
Gastronok resists with almost no effort.
The river rat looks frightened!
You have turned to stone.
Gastronok waves his eye-stalks in wide circles.
The air twists around and strikes you!
* * * LOW HITPOINT WARNING * * *
Gastronok chants a spell, wobbling all the while.
The rat twitches its whiskers.
The rat bites you but does no damage. The rat bites you but does no damage.
Gastronok bites you!!
You die...

#.# #........#....
##.######.##............⌠....#
#..........##.#...###.....[..#
##=#######.....<..##..⌠...⌠.#
##.# #.##...P####.......##
#P.# #####.#####.†..⌠....#
##.# #..###..r..w..... #P.#
#..#..rl.######.. ##.#
#.@##...## #.# #r.wF⌠..##
#.### ##.##r....#
#.#.########...#r'#.....!
#........##P.......#..###
#####P...###...#.###.(..
####.................
##P############.#. ###


You could see Gastronok, a spiny frog and 3 rats.

Vanquished Creatures
  2 hydras
  2 two-headed ogres
  Maurice (D:8)
  A rime drake (Lair:1)
  A troll (D:9)
  A meliai zombie (D:10)
  Eustachio (D:4)
  A human (D:8)
  A hungry ghost (D:9)
  A wyvern (D:10)
  A porcupine (D:10)
  2 ice beasts
  2 orc warriors
  A black bear (D:10)
  3 sky beasts
  An ogre (D:5)
  4 centaurs
  2 crocodiles
  2 big kobolds (D:10)
  5 bullfrogs
  A gnoll sergeant (D:7)
  7 scorpions
  3 killer bees (D:9)
  A crimson imp (D:9)
  A quasit (D:6)
  A bullfrog zombie (D:5)
  3 centaur zombies
  A hound (D:6)
  4 orc wizards
  2 centaur skeletons
  5 orc priests
  A bullfrog skeleton (D:7)
  Ijyb (D:4)
  Natasha (thrice) (D:4)
  3 iguanas
  6 worker ants
  A killer bee zombie (D:6)
  A hound zombie (D:7)
  A hound skeleton (D:8)
  2 worker ant zombies
  5 adders
  A howler monkey skeleton (D:4)
  9 gnolls
  A shadow imp (D:7)
  An ooze (D:5)
  2 adder skeletons
  3 worms
  3 dart slugs (D:1)
  3 leopard geckos
  28 orcs
  6 giant cockroaches
  8 goblins
  3 hobgoblins
  3 jackals (D:3)
  4 quokkas
  2 ball pythons
  5 bats
  2 frilled lizards
  A jackal zombie (D:5)
  10 kobolds
  A leopard gecko skeleton (D:4)
  2 rats (D:1)
  A spectral orc (D:7)
187 creatures vanquished.

Vanquished Creatures (others)
  A plant (D:10)
1 creature vanquished.

Grand Total: 188 creatures vanquished

Notes
Turn   | Place    | Note
-------+----------+-------------------------------------------
     0 | D:1      | LakieLegion the Demonspawn Wanderer began the quest for the Orb.
     0 | D:1      | LakieLegion set off with: a +2 hand crossbow, 30 bolts, a +0 hand axe, a +0 ring mail, a ration
     0 | D:1      | Reached XP level 1. HP: 18/18 MP: 1/1
   230 | D:1      | Gained mutation: You regenerate a little health from kills. [demonic ancestry]
   230 | D:1      | Reached XP level 2. HP: 10/24 MP: 2/2
   521 | D:1      | Reached skill level 1 in Short Blades
   763 | D:2      | Reached XP level 3. HP: 28/29 MP: 3/3
   835 | D:2      | You fall through a shaft!
   868 | D:3      | Found a shadowy altar of Dithmenos.
   874 | D:3      | Became a worshipper of Dithmenos the Shadowed
  1579 | D:3      | Gained mutation: You are slightly more attuned to the shadows. [demonic ancestry]
  1579 | D:3      | Reached XP level 4. HP: 23/35 MP: 4/4
  1591 | D:3      | Reached skill level 2 in Short Blades
  1619 | D:3      | Gained mutation: You are significantly more attuned to the shadows. [demonic ancestry]
  1619 | D:3      | Reached XP level 5. HP: 32/41 MP: 5/5
  2002 | D:3      | Found a burning altar of Makhleb.
  2034 | D:3      | Found a hazy altar of Hepliaklqana.
  2385 | D:4      | Noticed Natasha
  2389 | D:4      | Killed Natasha
  2432 | D:4      | Reached skill level 3 in Short Blades
  2443 | D:4      | Noticed Natasha
  2450 | D:4      | Killed Natasha
  2450 | D:4      | Reached skill level 1 in Dodging
  2585 | D:4      | Reached XP level 6. HP: 41/48 MP: 6/6
  2604 | D:4      | Noticed Ijyb
  2681 | D:4      | Killed Ijyb
  2725 | D:4      | Reached skill level 1 in Stealth
  3101 | D:4      | Noticed Natasha
  3111 | D:4      | Killed Natasha
  3599 | D:4      | Noticed Eustachio
  3603 | D:4      | Reached skill level 4 in Short Blades
  3624 | D:4      | Killed Eustachio
  3624 | D:4      | Reached * piety under Dithmenos
  3624 | D:4      | Reached XP level 7. HP: 34/54 MP: 7/7
  3759 | D:5      | Entered Level 5 of the Dungeon
  3777 | D:5      | Reached skill level 1 in Unarmed Combat
  4029 | D:5      | Found an ornate altar of the Wu Jian Council.
  4033 | D:5      | Found a snail-covered altar of Cheibriados.
  4039 | D:5      | Reached skill level 5 in Armour
  4042 | D:5      | Found an iron altar of Okawaru.
  4096 | D:5      | Reached skill level 5 in Short Blades
  4173 | D:5      | Reached XP level 8. HP: 61/61 MP: 8/8
  4283 | D:5      | Found an ancient bone altar of Kikubaaqudgha.
  4767 | D:6      | Found Ujittid's Distillery.
  4795 | D:6      | Bought a potion of heal wounds for 55 gold pieces
  4795 | D:6      | Bought 2 potions of curing for 66 gold pieces
  4834 | D:6      | Reached skill level 6 in Short Blades
  5068 | D:6      | Reached ** piety under Dithmenos
  5107 | D:6      | Reached skill level 5 in Fighting
  5324 | D:6      | Noticed Woots's ghost (novice TeAE)
  5664 | D:7      | Reached skill level 1 in Invocations
  5664 | D:7      | Gained mutation: You are partially covered in large bone plates. (SH +4) [demonic ancestry]
  5664 | D:7      | Reached XP level 9. HP: 22/68 MP: 8/10
  5935 | D:7      | Reached skill level 7 in Short Blades
  5982 | D:7      | Found a basalt altar of Yredelemnul.
  6432 | D:7      | Found a staircase to the Ecumenical Temple.
  6439 | Temple   | Entered the Ecumenical Temple
  6644 | D:8      | Noticed a two-headed ogre
  6673 | D:8      | Killed a two-headed ogre
  7221 | D:8      | Noticed Maurice
  7261 | D:8      | Reached skill level 8 in Short Blades
  7385 | D:8      | Killed Maurice
  7575 | D:9      | Gained mutation: You have sharp fingernails. [demonic ancestry]
  7575 | D:9      | Reached XP level 10. HP: 76/76 MP: 11/11
  7638 | D:9      | Reached skill level 5 in Stealth
  7709 | D:9      | Noticed a five-headed hydra
  7741 | D:9      | Killed a five-headed hydra
  7818 | D:9      | Noticed a two-headed ogre
  7826 | D:9      | Killed a two-headed ogre
  8223 | D:10     | Entered Level 10 of the Dungeon
  8280 | D:10     | Reached skill level 9 in Short Blades
  8371 | D:10     | Found a staircase to the Orcish Mines.
  8440 | D:10     | Reached *** piety under Dithmenos
  8584 | D:10     | Found a staircase to the Lair.
  8625 | Lair:1   | Entered Level 1 of the Lair of Beasts
  8694 | Lair:1   | Noticed a seven-headed hydra
  8703 | Lair:1   | Killed a seven-headed hydra
  8704 | Lair:1   | Noticed a spiny frog
  8705 | Lair:1   | Noticed Gastronok
  8712 | Lair:1   | Gained mutation: You are mostly covered in large bone plates. (SH +6) [demonic ancestry]
  8712 | Lair:1   | Reached XP level 11. HP: 33/84 MP: 12/12
  8727 | Lair:1   | HP: 4/84 [poisoned by a spiny frog]
  8729 | Lair:1   | HP: 1/84 [poisoned by a spiny frog]
  8742 | Lair:1   | HP: 4/84 [Gastronok/the air (4)]
  8746 | Lair:1   | Mangled by Gastronok

Skill      XL: |  1  2  3  4  5  6  7  8  9 10 |
---------------+-------------------------------+-----
Armour         | 3 4 5 6 7 |  7.2
Short Blades   | 1 2 3 4 5 6 8 9 |  9.6
Dodging        | 1 2 3 4 |  4.6
Stealth        | 1 2 3 4 6 |  6.7
Fighting       | 4 5 6 7 |  7.3
Unarmed Combat | 1 |  1.0
Invocations    | 1 |  1.4
Crossbows      | |  1.9
Shields        | |  1.0
Evocations     | |  1.4

Action                   |  1- 3 |  4- 6 |  7- 9 | 10-12 || total
-------------------------+-------+-------+-------+-------++-------
Melee: Short sword       |    72 |   137 |   335 |   181 ||   725
       Hand axe          |     8 |       |       |       ||     8
       Unarmed           |       |    33 |       |       ||    33
       Punch             |       |       |     2 |       ||     2
Invok: Shadow Step       |       |       |     1 |       ||     1
Evoke: Wand              |       |       |     3 |       ||     3
  Use: Scroll            |     9 |     1 |     7 |     3 ||    20
       Potion            |       |     4 |    12 |     3 ||    19
 Stab: Sleeping          |       |     3 |    22 |     6 ||    31
  Eat: Ration            |     1 |     2 |     4 |     1 ||     8
Armor: Ring mail         |    41 |    37 |    59 |    48 ||   185
       Skin              |       |       |     1 |       ||     1
Dodge: Dodged            |    46 |    81 |   174 |   106 ||   407
Block: Other             |       |       |    15 |    21 ||    36
